 Dungeon Crawl Stone Soup version 0.28.0-53-g5a82cb258f (webtiles) character file.

Game seed: 15703320686721795754

522 chasder the Chopper (level 7, -1/61 HPs)
             Began as a Hill Orc Berserker on June 29, 2022.
             Was an Initiate of Kikubaaqudgha.
             Succumbed to barbed spike wounds
             ... on level 4 of the Dungeon on June 30, 2022.
             The game lasted 00:19:52 (8760 turns).

chasder the Chopper (Hill Orc Berserker)            Turns: 8760, Time: 00:19:53

Health: -1/61      AC:  6    Str: 19 (22) XL:     7   Next: 22%
Magic:  0/7        EV: 11    Int:  7      God:    Kikubaaqudgha [......]
Gold:   209        SH:  0    Dex: 10      Spells: 6/6 levels left

rFire   . . .      SeeInvis .   a - +0 hand axe
rCold   . . .      Faith    .   (no shield)
rNeg    . . .      Spirit   +   c - +0 ring mail
rPois   .          Reflect  .   (no helmet)
rElec   .          Harm     .   (no cloak)
rCorr   .          Rampage  .   (no gloves)
Will    .....                   (no boots)
Stlth   +.........              m - amulet of guardian spirit
HPRegen 0.20/turn               (no ring)
MPRegen 0.10/turn               (no ring)

@: spiked
A: no striking features
a: Renounce Religion


You were on level 4 of the Dungeon.
You worshipped Kikubaaqudgha.
Kikubaaqudgha was noncommittal.
You visited 1 branch of the dungeon, and saw 4 of its levels.

You collected 209 gold pieces.

Inventory:

Hand Weapons
 a - a +0 hand axe (weapon)
 o - a +0 shortbow
Missiles
 d - 18 bolts
 k - 95 arrows
Armour
 b - a +0 animal skin
 c - a +0 ring mail (worn)
 n - an orb of energy
Jewellery
 m - an amulet of guardian spirit (around neck)
Scrolls
 f - 2 scrolls of identify
 g - a scroll of blinking
 j - 3 scrolls of teleportation {unknown}
 q - a scroll of acquirement {unknown}
 r - a scroll of immolation {unknown}
 s - a scroll of holy word {unknown}
Potions
 e - 2 potions of mutation {unknown}
 h - a potion of berserk rage {unknown}
 i - 2 potions of lignification {unknown}
 l - 2 potions of curing {unknown}
 p - a potion of heal wounds {unknown}


   Skills:
 + Level 5.2 Fighting
 + Level 6.8 Axes
 + Level 4.9 Armour
 + Level 2.9 Dodging
 + Level 0.5 Stealth


You had 6 spell levels left.
You didn't know any spells.
Your spell library contained the following spells:

 Spells                   Type           Power      Damage    Failure   Level
 Tukima's Dance           Hex            0%         N/A       93%         3
 Passage of Golubria      Tloc           0%         N/A       100%        4
 Yara's Violent Unravell  Hex/Tmut       0%         3d3       100%        5


Dungeon Overview and Level Annotations

Branches:
Dungeon (4/15)
 Temple: D:4-7

Altars:
Ashenzari
Elyvilon
Kikubaaqudgha
Makhleb
Wu Jian

Shops:
D:1 !


Message History

The orc high priest shouts, "Join the one true god or die!"
The orc high priest hits you with a +0 flail!
The orc closely misses you. The orc misses you.
The orc hits you with a +0 hand axe. The red devil barely misses you.
The ice devil barely misses you.
Unknown command.
Unknown command.
Unknown command.
As you read the scroll labelled LUNECZ SYQEYSM, it crumbles to dust.
It is a scroll of identify.
g - 2 scrolls of blinking The orc high priest calls down the wrath of Beogh upon you.
Pain shoots through your body! The orc misses you.
The orc hits you with a +0 hand axe. x2
The red devil hits you with a +0 trident.
* * * LOW HITPOINT WARNING * * *
Barbed spikes become lodged in your body.
The ice devil hits you but does no damage.
Blink to where?
Press: ? - help, Dir - move target
As you read the scroll of blinking, it crumbles to dust.
The barbs in your skin will harm you if you move.
Continue? [Y]es or [N]o only, please.
The barbs in your skin will harm you if you move.
Continue? [Y]es or [N]o only, please.
The barbs in your skin will harm you if you move.
Continue? [Y]es or [N]o only, please.
The barbs in your skin will harm you if you move.
Continue? [Y]es or [N]o only, please.
The barbs in your skin will harm you if you move.
Continue?
The barbed spikes dig painfully into your body as you move.
* * * LOW HITPOINT WARNING * * *
The barbed spikes dig painfully into your body as you move.
* * * LOW HITPOINT WARNING * * *
There is an open door here.
The barbed spikes dig painfully into your body as you move.
* * * LOW HITPOINT WARNING * * *
The barbed spikes dig painfully into your body as you move.
You die...
Kikubaaqudgha rasps: "You have failed me!
Welcome... death!"

#####..###[...........###########
######.....####.##############
....########.##.# #..........#
.....######...#.###.########.#
....>...........)...# ##.##
)....######...####### #.#.###
.........###.##..#### #######...
##...###.# #..#..o.4####..#.#....
##.####.###.##.@#..o4...4##..###
#.##..#....##..#..o4....###.#
#.##.#.###.#...#..##'#..# #.#
#.##.#.# #.#...####..#### #.#
#....#.# #.##..' #.)8####### #
######.# #.##..# ##.†)....### #
#.# #.#...# #...†...'.# ## #.#
#.#...# #..8######.## .#######.#
#.# #..## #..##


You could see an ice devil (summoned) and an orc.

Vanquished Creatures
  A necrophage (D:4)
  A black bear (D:4)
  A centaur (D:3)
  A water moccasin skeleton (D:4)
  3 iron imps (D:3)
  An orc wizard (D:4)
  2 adders
  3 ufetubi (D:4)
  A worm (D:2)
  2 dart slugs
  6 orcs
  6 ball pythons
  8 endoplasms
  A giant cockroach (D:2)
  3 hobgoblins
  4 jackals (D:1)
  2 quokkas
  9 bats
  3 frilled lizards
  7 goblins
  4 kobolds
  5 rats
74 creatures vanquished.

Vanquished Creatures (others)
  A human (D:3)
  An orc (D:3)
2 creatures vanquished.

Grand Total: 76 creatures vanquished

Notes
Turn   | Place    | Note
-------+----------+-------------------------------------------
     0 | D:1      | chasder the Hill Orc Berserker began the quest for the Orb.
     0 | D:1      | Reached XP level 1. HP: 19/19 MP: 1/1
     1 | D:1      | Noticed a minotaur zombie
     7 | D:1      | Noticed a barachi
    38 | D:1      | Noticed a felid
    55 | D:1      | Noticed an ogre
    87 | D:1      | Reached XP level 2. HP: 23/27 MP: 2/2
   999 | D:1      | Found Odoq's Distillery.
  1187 | D:1      | Found a faded altar of an unknown god.
  1549 | D:1      | Reached XP level 3. HP: 24/33 MP: 3/3
  2302 | D:2      | Found an ornate altar of the Wu Jian Council.
  3645 | D:3      | Noticed a centaur
  4166 | D:3      | Reached skill level 5 in Axes
  4580 | D:3      | Killed a centaur
  4581 | D:3      | Reached XP level 4. HP: 41/41 MP: 4/4
  4581 | D:3      | Reached XP level 5. HP: 47/47 MP: 5/5
  5622 | D:3      | Found an ancient bone altar of Kikubaaqudgha.
  5644 | D:3      | Found a burning altar of Makhleb.
  6413 | D:3      | Noticed a human
  6414 | D:3      | Killed a human
  6617 | D:3      | Fell from the grace of Trog
  6617 | D:3      | Became a worshipper of Beogh the Brigand
  6792 | D:3      | Fell from the grace of Beogh
  6792 | D:3      | Became a worshipper of Kikubaaqudgha
  6911 | D:4      | Reached XP level 6. HP: 53/53 MP: 6/6
  7035 | D:4      | Found a broken altar of Ashenzari.
  7114 | D:4      | Found a white marble altar of Elyvilon.
  7572 | D:4      | Paralysed by Trog for 7 turns
  7639 | D:4      | Reached skill level 6 in Axes
  8041 | D:4      | Noticed a necrophage
  8060 | D:4      | Killed a necrophage
  8061 | D:4      | Reached skill level 5 in Fighting
  8097 | D:4      | Reached XP level 7. HP: 55/61 MP: 7/7
  8749 | D:4      | Noticed an orc high priest
  8753 | D:4      | Noticed a chaos spawn
  8753 | D:4      | Noticed an ice devil
  8754 | D:4      | Noticed a red devil
  8759 | D:4      | HP: 3/61 [barbs]
  8760 | D:4      | Succumbed to barbed spike wounds

Illustrated notes

Levels and vault maps discovered:
D:1:      shiori_arrival_whats_in_store_for_you, layout_basic, serial_shops,
          shop_fountains, shapermc_ecumenical_altar_mp_ritualfount,
          minmay_tromino_i4
D:2:      layout_basic, basic_altar
D:3:      layout_basic, tgw_kikubaaqudgha, demons_altar, minmay_misc_feat_square
D:4:      minmay_chambers_of_twos, layout_loops_ring, elyvilon_altar_5,
          cheibrodos_ashenzari_chains

Skill      XL: |  1  2  3  4  5  6 |
---------------+-------------------+-----
Fighting       | 4 5 |  5.2
Axes           | 5 6 |  6.8
Armour         | 3 4 |  4.9
Dodging        | 2 |  2.9
Stealth        | |  0.5

Action                   |  1- 3 |  4- 6 |  7- 9 || total
-------------------------+-------+-------+-------++-------
Melee: Hand axe          |   122 |   127 |    30 ||   279
       Shortbow          |       |    14 |       ||    14
       Punch             |       |     4 |       ||     4
Invok: Berserk           |     1 |       |       ||     1
       Convert to Beogh  |       |     1 |       ||     1
  Use: Potion            |       |     1 |       ||     1
       Scroll            |       |       |     3 ||     3
Armor: Ring mail         |    62 |    62 |    23 ||   147
Dodge: Dodged            |    85 |   110 |    34 ||   229
